 Dungeon Crawl Stone Soup version 0.24-a0-530-g18ba70b503 (webtiles) character file.

Game seed: 8866852304563698026

186 DasRunzen the Skirmisher (level 5, -3/42 HPs)
             Began as a Demonspawn Fighter on Aug 7, 2019.
             Slain by a gnoll
             ... wielding a +0 halberd
              (5 damage)
             ... on level 3 of the Dungeon.
             The game lasted 00:03:03 (1885 turns).

DasRunzen the Skirmisher (Demonspawn Fighter)       Turns: 1885, Time: 00:03:03

Health: -3/42      AC:  8    Str: 18    XL:     5   Next: 38%
Magic:  0/5        EV:  7    Int:  9    God:
Gold:   113        SH:  9    Dex: 12    Spells: 4/4 levels left

rFire    . . .     SeeInvis .   a - +0 war axe
rCold    . . .     Gourm    .   c - +0 shield
rNeg     . . .     Faith    .   b - +0 scale mail
rPois    .         Spirit   +   (helmet restricted)
rElec    .         Reflect  .   (no cloak)
rCorr    .         Harm     .   e - +0 pair of gloves
MR       .....                  (no boots)
Stlth    ..........             (no amulet)
HPRegen  0.14/turn              (no ring)
MPRegen  0.09/turn              (no ring)

@: no status effects
A: horns 1, magic shield
a: no special abilities


You were on level 3 of the Dungeon.
You were hungry.

You visited 1 branch of the dungeon, and saw 3 of its levels.

You collected 113 gold pieces.

Inventory:

Hand Weapons
 a - a +0 war axe (weapon)
Armour
 b - a +0 scale mail (worn)
 c - a +0 shield (worn)
 e - a +0 pair of gloves (worn)
Wands
 g - a wand of paralysis (5)
Scrolls
 j - 2 scrolls of teleportation
Potions
 d - a potion of might
 h - a potion of curing {unknown}
 i - 2 potions of resistance {unknown}
 k - a potion of cancellation {unknown}
Comestibles
 f - 3 rations


   Skills:
 + Level 4.0 Fighting
 + Level 3.0 Axes
 + Level 3.6 Armour
 + Level 3.6 Shields


You had 4 spell levels left.
You didn't know any spells.
Your spell library was empty.

Dungeon Overview and Level Annotations

Branches:
Dungeon (3/15)

Altars:
Fedhas
Gozag
Ru
Vehumet
The Shining One


Innate Abilities, Weirdness & Mutations

You have a pair of small horns on your head.
When hurt, damage is shared between your health and your magic reserves.


Message History

a +0 flail; a gnoll corpse You closely miss the gnoll.
The gnoll hits you with a +0 halberd!
* * * LOW HITPOINT WARNING * * *
The gnoll closely misses you.
You hit the gnoll.
The gnoll is moderately wounded.
You block the gnoll's attack.
You hit the gnoll.
The gnoll is heavily wounded.
You block the gnoll's attack.
You hit the gnoll.
The gnoll is heavily wounded.
You block the gnoll's attack.
You hit the gnoll but do no damage.
The gnoll is heavily wounded.
The gnoll closely misses you.
You closely miss the gnoll. You headbutt the gnoll.
The gnoll is severely wounded.
The gnoll hits you with a +0 halberd.
You die...

#.......................
#.......................
#..?....................
#......................#
#......................#
#.....................#
#.........†...........#
#............?)@g.....#
#..............†......#
##...†.................#
.......................#
##...........$....[....#
###.##.####..####.#####
#....# .### .# ####.#.##
.# ## ..##.##.#..


You could see a gnoll.

Vanquished Creatures
  5 gnolls
  7 adders
  An ooze (D:2)
  A worm (D:3)
  A dart slug (D:1)
  3 leopard geckos
  3 bats
  2 giant cockroaches
  9 hobgoblins
  8 jackals (D:1)
  A ball python (D:1)
  2 frilled lizards
  10 goblins
  6 kobolds
  6 rats
65 creatures vanquished.

Notes
Turn   | Place    | Note
-------+----------+-------------------------------------------
     0 | D:1      | DasRunzen the Demonspawn Fighter began the quest for the
                  | Orb.
     0 | D:1      | Reached XP level 1. HP: 18/18 MP: 1/1
    49 | D:1      | Gained mutation: You have a pair of small horns on your
                  | head. [demonic ancestry]
    49 | D:1      | Reached XP level 2. HP: 5/24 MP: 2/2
   477 | D:1      | Reached XP level 3. HP: 25/29 MP: 3/3
   929 | D:2      | Reached XP level 4. HP: 9/35 MP: 4/4
  1225 | D:2      | Found a sacrificial altar of Ru.
  1226 | D:2      | Found a glowing golden altar of the Shining One.
  1238 | D:2      | Found a blossoming altar of Fedhas.
  1238 | D:2      | Found an opulent altar of Gozag.
  1541 | D:2      | Found a radiant altar of Vehumet.
  1596 | D:2      | Gained mutation: When hurt, damage is shared between your
                  | health and your magic reserves. [demonic ancestry]
  1596 | D:2      | Reached XP level 5. HP: 42/42 MP: 5/5
  1878 | D:3      | Reached skill level 4 in Fighting
  1880 | D:3      | HP: 1/42 [gnoll/+0 halberd (7)]
  1885 | D:3      | Slain by a gnoll

Levels and vault maps discovered:
D:1:      evilmike_arrival_crescent, layout_basic
D:2:      layout_basic, chequers_temple_overflow_statue_of_worship,
          marbit_many_paths
D:3:      layout_loops_ring, first_ration, gammafunk_ghost_gnarly_gnolls,
          wad_floor_pattern_1, nicolae_tso_carved_into_rock

Skill      XL: |  1  2  3  4  5 |
---------------+----------------+-----
Axes           | 2 3 |  3.0
Armour         | 3 |  3.6
Shields        | 3 |  3.6
Fighting       | 4 |  4.0

Action                   |  1- 3 |  4- 6 || total
-------------------------+-------+-------++-------
Melee: War axe           |   117 |    88 ||   205
       Headbutt          |    15 |    18 ||    33
  Use: Scroll            |     1 |     3 ||     4
  Eat: Chunk             |       |     3 ||     3
Armor: Scale mail        |    83 |    47 ||   130
Dodge: Dodged            |    37 |    40 ||    77
Block: Shield            |    93 |    61 ||   154

Table legend:
 A = Non-vault XP
 B = Vault XP
 C = Vault XP percentage of total XP
 D = Non-vault monster count
 E = Vault monster count
 F = Vault count percentage of total count
                 A         B        C        D         E       F
            +---------+---------+-------+---------+---------+-------
      Total |     265 |       2 |   0.7 |      64 |       1 |   1.5
            +---------+---------+-------+---------+---------+-------
        D:1 |      59 |       0 |   0.0 |      30 |       0 |   0.0
        D:2 |     143 |       2 |   1.4 |      27 |       1 |   3.6
        D:3 |      63 |       0 |   0.0 |       7 |       0 |   0.0
            +---------+---------+-------+---------+---------+-------
